 Dungeon Crawl Stone Soup version 0.30-a0-748-ge6a52f7cba (webtiles) character file.

Game seed: 9018067005610814913

9 Iich the Trooper (level 2, -35/27 HPs)
             Began as a Minotaur Fighter on Feb 8, 2023.
             Annihilated by a large abomination (37 damage)
             ... on level 1 of the Abyss.
             The game lasted 00:00:38 (454 turns).

Iich the Trooper (Minotaur Fighter)                  Turns: 454, Time: 00:00:38

Health: -35/27     AC:  6    Str: 20    XL:     2   Next: 6%
Magic:  1/1        EV:  9    Int:  5    God:
Gold:   49         SH:  4    Dex:  9    Spells: 1/1 levels left

rFire   . . .      SeeInvis +    a - +0 war axe
rCold   . . .      Faith    .    c - +0 buckler
rNeg    . . .      Spirit   .    b - +0 scale mail
rPois   .          Reflect  .    (helmet restricted)
rElec   .          Harm     .    (no cloak)
rCorr   .          Rampage  .    (no gloves)
Will    .....                    (no boots) Stlth
                                 (no amulet)
HPRegen 0.24/turn                e - ring of see invisible
MPRegen 0.07/turn                (no ring)

@: no status effects
A: horns 2, retaliatory headbutt
a: no special abilities


You were on level 1 of the Abyss.
You visited 1 branch of the dungeon, and saw 1 of its levels.
You visited the Abyss 1 time.

You collected 49 gold pieces.

Inventory:

Hand Weapons
 a - a +0 war axe (weapon)
Armour
 b - a +0 scale mail (worn)
 c - a +0 buckler (worn)
Jewellery
 e - a ring of see invisible (left hand)
Scrolls
 f - a scroll of silence {unknown}
 i - a scroll of fog {unknown}
Potions
 d - a potion of might
 g - a potion of curing {unknown}
 h - a potion of invisibility {unknown}


   Skills:
 + Level 3.9 Fighting
 * Level 3.1 Axes
 - Level 3.6 Armour
 - Level 3.6 Shields


You had one spell level left.
You didn't know any spells.
Your spell library contained the following spells:

 Spells                   Type           Power      Damage    Failure   Level
 Summon Small Mammal      Summ           0%         N/A       89%         1
 Call Canine Familiar     Summ           0%         N/A       99%         3
 Summon Guardian Golem    Hex/Summ       0%         N/A       99%         3


Dungeon Overview and Level Annotations

Branches:
Dungeon (1/15)

Altars:


Innate Abilities, Weirdness & Mutations

You have a pair of horns on your head.
You reflexively headbutt those who attack you in melee.


Message History

a +0 dagger; a goblin corpse A ball python comes into view.
The ball python hisses angrily.
You closely miss the ball python. Your headbutt misses the ball python.
The ball python bites you but does no damage.
The ball python grabs you. The ball python constricts you.
You slash the ball python!
You kill the ball python!
No target in view!
No target in view!
You now have 49 gold pieces (gained 15).
A kobold comes into view.
It is wielding a +0 dagger of distortion.
The kobold shouts!
Found 3 large rocks.
The kobold hits you but does no damage.
You closely miss the kobold. The kobold hits you but does no damage.
You are cast into the Abyss!
To return, you must find a gate leading back.
Killing monsters will force the Abyss to allow you passage.
This branch contains the abyssal rune of Zot.
A large abomination coalesces out of seething chaos.
A large abomination is nearby!
You hit the large abomination.
You headbutt the large abomination, but do no damage.
The large abomination is lightly damaged.
The large abomination hits you but does no damage.
The large abomination hits you!!
Ouch! That really hurt!
* * * LOW HITPOINT WARNING * * *
You are too injured to fight recklessly!
You are too injured to fight recklessly!
You closely miss the large abomination.
The large abomination is lightly damaged.
The large abomination misses you. You furiously retaliate!
You headbutt the large abomination. You barely miss the large abomination.
The large abomination is lightly damaged.
The large abomination hits you!!!
Ouch! That really hurt!
You die...

##..
#####......#. .
...............
.#..... .. ....#.
.. ..
#.####........#
#.. ###.#... #..
..# #.#.......##
# ..# #.....#.#.#
.# . #
###.#...##X#.#
#..........@#ยง.
#.......#.....#.#
#.#....##.#...#..
#...#....#...#
..# # .
#..##.####...#.#
....# . .# .#.#.#
. . .. .. ##.# .
. ... .. . . ..
.#


You could see a large abomination.

Vanquished Creatures
  An endoplasm (D:1)
  3 goblins (D:1)
  2 quokkas (D:1)
  A ball python (D:1)
  A frilled lizard (D:1)
  A rat (D:1)
9 creatures vanquished.

Notes
Turn   | Place    | Note
-------+----------+-------------------------------------------
     0 | D:1      | Iich the Minotaur Fighter began the quest for the Orb.
     0 | D:1      | Reached XP level 1. HP: 19/19 MP: 0/0
   224 | D:1      | Reached XP level 2. HP: 27/27 MP: 1/1
   432 | Abyss:1  | Cast into level 1 of the Abyss (kobold)
   449 | Abyss:1  | Noticed a large abomination
   454 | Abyss:1  | Annihilated by a large abomination

Illustrated notes

Levels and vault maps discovered:
D:1:      onia_arrival_mini_spirals, layout_loops_ring
Abyss:1:  base:
Temple

Skill      XL: |  1 |
---------------+----+-----
Axes           | 3 |  3.1
Fighting       | |  3.9
Armour         | |  3.6
Shields        | |  3.6

Action                     || total
---------------------------++-------
  Melee: War axe           ||    21
         Headbutt          ||     3
 Armour: Scale mail        ||     9
  Dodge: Dodged            ||     8
  Block: Buckler           ||     3

Table legend: (Time is in decaauts)
 A = Elapsed time spent in this place.
 B = Non-inter-level travel time spent in this place.
 C = Inter-level travel time spent in this place.
 D = Time resting spent in this place.
 E = Time spent auto-exploring this place.
 F = Levels seen in this place.
 G = Mean time per level.
                   A        B        C        D        E       F      G
               +--------+--------+--------+--------+--------+-----+--------+
         Total |    461 |    461 |      0 |      0 |    398 |   2 |  230.5 |
       Dungeon |    438 |    438 |      0 |      0 |    383 |   1 |  438.0 |
         Abyss |     22 |     22 |      0 |      0 |     15 |   1 |   22.0 |
               +--------+--------+--------+--------+--------+-----+--------+

Top non-repeatable levels by time:
     D:1: 438 daAuts
 Abyss:1: 22 daAuts
